 Dungeon Crawl Stone Soup version 0.24.0-125-gc4c63601f3 (webtiles) character file.

Game seed: 8522098049809026133, levelgen mode: deterministic

6185 Defined the Fighter (level 10, -7/66 HPs)
             Began as a Gargoyle Berserker on Feb 23, 2020.
             Was a High Priest of Trog.
             Blown up by an orc (32 damage)
             ... with a disintegration bolt
             ... on level 10 of the Dungeon.
             The game lasted 00:23:10 (9016 turns).

Defined the Fighter (Gargoyle Berserker)            Turns: 9016, Time: 00:23:11

Health: -7/66      AC: 18    Str: 24    XL:     10   Next: 91%
Magic:  4/4        EV: 13    Int:  8    God:    Trog [*****.]
Gold:   497        SH:  0    Dex:  9    Spells: 9/9 levels left

rFire    + + .     SeeInvis .   M - +1 morningstar (antimagic)
rCold    . . .     Gourm    .   (no shield)
rNeg     + . .     Faith    +   H - +1 scale mail {rF+}
rPois    ∞         Spirit   .   (no helmet)
rElec    +         Reflect  .   q - +0 cloak
rCorr    .         Harm     .   (no gloves)
MR       +....                  (no boots)
Stlth    ..........             e - amulet of faith
HPRegen  0.21/turn              d - ring of protection from fire
MPRegen  0.09/turn              x - ring of protection from magic

@: no status effects
A: negative energy resistance 1, electricity resistance, unbreathing,
petrification resistance, rot immunity, AC +7
a: Berserk, Trog's Hand, Brothers in Arms, Renounce Religion


You were on level 10 of the Dungeon.
You worshipped Trog.
Trog was extremely pleased with you.
You were hungry.

You visited 1 branch of the dungeon, and saw 10 of its levels.

You collected 497 gold pieces.

Inventory:

Hand Weapons
 E - a +1 shortbow of freezing
 M - a +1 antimagic morningstar (weapon)
Missiles
 z - 2 boomerangs of dispersal (quivered)
 D - 144 arrows
Armour
 q - a +0 cloak (worn)
 t - a +3 leather armour of magic resistance
 H - a +1 scale mail of fire resistance (worn)
Jewellery
 d - a ring of protection from fire (left hand)
 e - an amulet of faith (around neck)
 h - an uncursed ring of wizardry {unknown}
 m - an uncursed ring of ice
 x - a ring of protection from magic (right hand)
 A - a +3 ring of dexterity
Wands
 r - a wand of flame (5)
 u - a wand of acid (1)
 y - a wand of disintegration (17)
 C - a wand of polymorph (12)
 G - a wand of paralysis (6)
Scrolls
 f - 5 scrolls of identify
 g - 3 scrolls of fear
 l - 3 scrolls of immolation
 o - a scroll of fog
 p - 5 scrolls of teleportation
 J - a scroll of enchant weapon
Potions
 a - a potion of lignification
 b - a potion of might {unknown}
 i - 2 potions of invisibility
 j - 2 potions of haste {unknown}
 k - a potion of cancellation
 n - 5 potions of curing
 s - a potion of agility
 v - a potion of degeneration {unknown}
 w - a potion of magic {unknown}
 B - 3 potions of brilliance {unknown}
 F - a potion of ambrosia {unknown}
 K - a potion of flight {unknown}
Miscellaneous
 I - a lamp of fire
Comestibles
 c - 10 rations
 L - 5 chunks of flesh


   Skills:
 - Level 9.0 Fighting
 + Level 8.6 Maces & Flails
 + Level 8.9 Armour
 + Level 6.7 Dodging
 - Level 0.2 Stealth
 * Level 3.3 Evocations


You had 9 spell levels left.
You didn't know any spells.
Your spell library was empty.

Dungeon Overview and Level Annotations

Branches:
Dungeon (10/15)            Temple (0/1) D:5            Lair (0/6) D:8
    Orc (0/2) D:9

Altars:
Cheibriados
Dithmenos
Elyvilon
Hepliaklqana
Qazlal
Uskayaw
Vehumet
Xom
Yredelemnul
The Shining One

Annotations:
D:8 3 runed translucent doors, LostGamesStreakFreak's ghost, novice GrEE


Innate Abilities, Weirdness & Mutations

You are resistant to torment.
Your stone body is resilient. (AC +7)
You are immune to poison.
You resist negative energy. (rN+)
You are resistant to electric shocks. (rElec)
You can survive without breathing.
You are immune to petrification.
You are immune to rotting.


Message History

You puncture the hippogriff!
The hippogriff is heavily wounded.
The orc closely misses you. The hippogriff closely misses you.
The hippogriff barely misses you. The hippogriff misses you.
You thump the hippogriff!
The hippogriff is almost dead.
The orc hits you but does no damage.
The hippogriff bites you but does no damage.
The hippogriff completely misses you.
The hippogriff claws you but does no damage.
You barely miss the hippogriff.
The hippogriff is almost dead.
The orc barely misses you. The hippogriff closely misses you.
The hippogriff pecks you but does no damage.
The hippogriff claws you but does no damage.
You impale the hippogriff!!
You kill the hippogriff!
Trog accepts your kill. The orc hits you but does no damage.
The orc zaps a wand.
You are blasted!
You die...

...# ...## ..#
....# . ...# #...#
#.. #.......##
#...#....
##........##
#........
#..........###o..#
##...........#†o###
#.............@##
#.............##
#.>............##
#......).).....#
#......))).....#
#.....<........#
##.........<..)#
#........######
##(.######


You could see 2 orcs.

Vanquished Creatures
  Harold (D:7)
  Erica (D:9)
  An elephant (D:8)
  3 hippogriffs
  A basilisk (D:8)
  2 hungry ghosts
  2 orc warriors
  2 black bears
  A sky beast (D:8)
  2 ice beasts
  A phantom (D:7)
  2 ogres
  6 centaurs
  A crocodile (D:8)
  A big kobold (D:9)
  2 bullfrogs (D:7)
  A wyvern zombie (D:9)
  A scorpion (D:7)
  5 killer bees (D:9)
  2 howler monkeys
  2 crimson imps (D:6)
  A bullfrog zombie (D:9)
  2 centaur zombies
  3 centaur skeletons
  5 orc priests
  3 hounds (D:9)
  7 orc wizards
  Crazy Yiuf (D:5)
  Ijyb (D:3)
  3 iguanas
  A worker ant (D:4)
  2 hound skeletons (D:6)
  6 gnolls (D:7)
  9 adders
  5 shadow imps
  2 oozes
  4 adder skeletons
  An adder zombie (D:7)
  6 dart slugs
  2 worms (D:3)
  3 leopard geckos
  22 orcs
  3 giant cockroaches
  9 goblins
  10 hobgoblins
  14 jackals
  4 quokkas
  A ball python (D:7)
  4 bats
  5 frilled lizards
  12 kobolds
  A leopard gecko zombie (D:6)
  3 rats (D:1)
195 creatures vanquished.

Vanquished Creatures (collateral kills)
  Edmund (D:5)
  An ogre (D:5)
  2 adders (D:5)
4 creatures vanquished.

Grand Total: 199 creatures vanquished

Notes
Turn   | Place    | Note
-------+----------+-------------------------------------------
     0 | D:1      | Defined the Gargoyle Berserker began the quest for the Orb.
     0 | D:1      | Reached XP level 1. HP: 14/14 MP: 1/1
   277 | D:1      | Reached XP level 2. HP: 19/19 MP: 2/2
   529 | D:1      | Reached ** piety under Trog
   619 | D:1      | Reached XP level 3. HP: 19/24 MP: 3/3
  1292 | D:2      | Reached skill level 4 in Fighting
  1393 | D:2      | Reached XP level 4. HP: 28/29 MP: 4/4
  1489 | D:2      | Found a snail-covered altar of Cheibriados.
  1513 | D:2      | Found a shadowy altar of Dithmenos.
  1624 | D:3      | Noticed Ijyb
  1649 | D:3      | Killed Ijyb
  1856 | D:3      | Reached *** piety under Trog
  1873 | D:3      | Reached XP level 5. HP: 22/33 MP: 5/5
  2369 | D:4      | Reached XP level 6. HP: 39/39 MP: 6/6
  2399 | D:4      | Found a basalt altar of Yredelemnul.
  2453 | D:4      | Reached **** piety under Trog
  2654 | D:4      | Reached skill level 5 in Fighting
  2768 | D:4      | Found a stormy altar of Qazlal.
  3078 | D:5      | Entered Level 5 of the Dungeon
  3095 | D:5      | Reached XP level 7. HP: 36/44 MP: 7/7
  3375 | D:5      | Found a staircase to the Ecumenical Temple.
  3397 | D:5      | Reached skill level 5 in Maces & Flails
  3730 | D:5      | Noticed Edmund
  3745 | D:5      | Killed Edmund
  4011 | D:5      | Found a runed translucent door.
  4012 | D:5      | Noticed Crazy Yiuf
  4025 | D:5      | Killed Crazy Yiuf
  4362 | D:6      | Reached skill level 5 in Armour
  4403 | D:6      | Found a hide-covered altar of Uskayaw.
  4515 | D:6      | Reached XP level 8. HP: 51/51 MP: 8/8
  4646 | D:6      | You fall into a shaft and drop 2 floors!
  4653 | D:8      | Reached skill level 6 in Fighting
  5102 | D:8      | Found a staircase to the Lair.
  5102 | D:8      | Noticed a hippogriff
  5102 | D:8      | Noticed an elephant
  5920 | D:7      | Reached skill level 7 in Fighting
  5924 | D:7      | Reached XP level 9. HP: 57/57 MP: 9/9
  6394 | D:6      | Reached skill level 5 in Dodging
  6631 | D:7      | Noticed Harold
  6926 | D:7      | Killed Harold
  6926 | D:7      | Reached skill level 8 in Fighting
  7043 | D:8      | Found a runed translucent gate.
  7043 | D:8      | Found a runed translucent gate.
  7043 | D:8      | Found a runed translucent gate.
  7043 | D:8      | Identified the +7 dagger of Hacking and Slashing {chaos,
                  | MR+ Int+3 Dex-3 Stlth+}
  7043 | D:8      | Noticed LostGamesStreakFreak's ghost (novice GrEE)
  7184 | D:8      | Found a shimmering altar of Xom.
  7186 | D:8      | Found an ancient bone altar of Kikubaaqudgha.
  7186 | D:8      | Found a radiant altar of Vehumet.
  7188 | D:8      | Found a shimmering altar of Xom.
  7188 | D:8      | Found a glowing golden altar of the Shining One.
  7188 | D:8      | Found a hide-covered altar of Uskayaw.
  7692 | D:8      | Killed an elephant
  7692 | D:8      | Reached XP level 10. HP: 55/65 MP: 10/10
  7975 | D:9      | Reached ***** piety under Trog
  8270 | D:9      | Found a staircase to the Orcish Mines.
  8403 | D:9      | Found a white marble altar of Elyvilon.
  8422 | D:9      | Reached skill level 9 in Fighting
  8422 | D:9      | Reached skill level 1 in Evocations
  8524 | D:9      | Noticed Erica
  8540 | D:9      | Killed Erica
  8547 | D:9      | Received a gift from Trog
  8731 | D:9      | Found a hazy altar of Hepliaklqana.
  8954 | D:10     | Entered Level 10 of the Dungeon
  9016 | D:10     | Blown up by an orc

Levels and vault maps discovered:
D:1:      dpeg_arrival_radiant, layout_loops_ring
D:2:      layout_basic, nicolae_dithmenos_through_a_glass_darkly,
          kennysheep_slug_shrine, chequers_serial_rivers_small_a
D:3:      layout_rooms, uniq_ijyb
D:4:      layout_loops_ring, grunt_qazlal_clouds, yredelemnul_altar_generic
D:5:      layout_basic, minmay_temple_entry_ruins, first_ration,
          serial_co_window_serial, co_window_cross_1, co_window_paths_a,
          co_window_corner_a, co_window_of_opportunity_a,
          co_window_of_opportunity_a, co_window_2corner, co_window_paths_c,
          co_window_of_opportunity_c, co_window_broadway_c, glass_columns_b,
          glass_columns_b, uniq_crazy_yiuf_cottage, uniq_edmund
D:6:      layout_basic, lemuel_crystal_altar, kennysheep_opposing_triangles
D:7:      layout_rooms, uniq_harold
D:8:      layout_basic, doesnt_xom_only_xom, david_lair_generic,
          gammafunk_ghost_nasty_kobolds
D:9:      layout_rooms, kennysheep_mini_moat, elyvilon_altar_5, orc_0_dummy,
          minmay_parallelograms, uniq_erica
D:10:     minmay_goldmine, layout_cave_pods, kennysheep_kite_vault

Skill      XL: |  1  2  3  4  5  6  7  8  9 10 |
---------------+-------------------------------+-----
Fighting       | 4 5 7 8 9 |  9.0
Dodging        | 2 3 4 6 |  6.7
Armour         | 3 4 5 6 8 |  8.9
Maces & Flails | 4 5 6 7 8 |  8.6
Evocations     | 3 |  3.3
Stealth        | |  0.2

Action                   |  1- 3 |  4- 6 |  7- 9 | 10-12 || total
-------------------------+-------+-------+-------+-------++-------
Melee: Mace              |   122 |    61 |   194 |       ||   377
       Club              |       |   167 |    50 |       ||   217
       Flail             |       |       |   175 |   160 ||   335
       Morningstar       |       |       |       |    40 ||    40
Throw: Boomerang         |       |       |       |     1 ||     1
Invok: Trog's Hand       |       |     3 |     1 |       ||     4
       Brothers in Arms  |       |       |     2 |       ||     2
       Berserk           |       |       |     3 |     2 ||     5
Evoke: Wand              |       |       |       |     3 ||     3
  Use: Scroll            |       |    11 |     3 |     1 ||    15
       Potion            |       |       |     1 |       ||     1
 Stab: Sleeping          |     1 |       |       |       ||     1
       Invisible         |       |       |     1 |       ||     1
  Eat: Chunk             |     2 |     7 |    11 |     1 ||    21
       Ration            |       |       |     3 |     4 ||     7
Armor: Animal skin       |    24 |       |       |       ||    24
       Ring mail         |    30 |    16 |       |       ||    46
       Leather armour    |       |    77 |   176 |       ||   253
       Scale mail        |       |       |    18 |   171 ||   189
       Chain mail        |       |       |       |     3 ||     3
Dodge: Dodged            |    88 |   166 |   246 |   189 ||   689
